 Dungeon Crawl Stone Soup version 0.31-a0-167-g1c394c0614 (webtiles) character file.

Game seed: 11709602976404139834

146 qw the Shooter (level 5, -4/49 HPs)
             Began as a Naga Hunter on June 14, 2023.
             Slain by a water moccasin (8 damage)
             ... on level 3 of the Dungeon.
             The game lasted 00:00:46 (1655 turns).

qw the Shooter (Naga Hunter)                        Turns: 1655, Time: 00:00:47

Health: -4/49      AC:  3    Str: 13    XL:     5   Next: 28%
Magic:  5/5        EV:  9    Int:  9    God:
Gold:   134        SH:  0    Dex: 17    Spells: 4/4 levels left

rFire   . . .        Y - +1 shortbow
rCold   . . .        (shield currently unavailable)
rNeg    + . .        c - +0 leather armour
rPois   +            (no helmet)
rElec   .            (no cloak)
rCorr   .            (no gloves)
SInv    +            (no barding)
Will    .....        (no amulet)
Stlth   ++           i - ring of positive energy
HPRegen 0.28/turn    (no ring)
MPRegen 0.09/turn

%: no passive effects
@: lethally poisoned (-4 -> -8), about to teleport, short of breath, very slow
A: AC +1, large, see invisible, deformed body, poison resistance, slowness 2,
spit poison 1, naga tail 1
a: Spit Poison


You were on level 3 of the Dungeon.
You visited 1 branch of the dungeon, and saw 3 of its levels.

You collected 134 gold pieces.


Innate Abilities, Weirdness & Mutations

Your serpentine skin is tough. (AC +1)
You have supernaturally acute eyesight. (SInv)
Armour fits poorly on your strangely shaped body.
Your system is resistant to poisons. (rPois)
You cover ground very slowly.
You can spit poison.
You have a snake-like lower body.


   Skills:
 - Level 3.0 Fighting
 + Level 5.4 Ranged Weapons
 - Level 1.5 Dodging
 - Level 1.5 Stealth


You had 4 spell levels left.
You didn't know any spells.
Your spell library was empty.

Inventory:

Hand Weapons
 Y - a +1 shortbow (weapon)
Armour
 c - a +0 leather armour (worn)
Jewellery
 i - a ring of positive energy (left hand)
Scrolls
 a - 2 scrolls of identify
 j - a scroll of teleportation
Potions
 b - a potion of lignification {unknown}
 d - a potion of mutation {unknown}
 e - a potion of cancellation {unknown}
 f - 3 potions of curing
 g - a potion of degeneration {unknown}
 l - a potion of resistance {unknown}

Dungeon Overview and Level Annotations

Branches:
Dungeon (3/15)

Altars:
Elyvilon
Fedhas
Yredelemnul
Zin
The Shining One

Shops:
D:1 =


Message History

The water moccasin bites you but does no damage.
The water moccasin barely misses you.
You shoot an arrow.
The arrow closely misses the water moccasin.
The arrow completely misses the orc.
You feel sick.
The water moccasin bites you but does no damage.
The water moccasin bites you.
You are more poisoned.
The water moccasin poisons you!
You shoot an arrow.
The arrow closely misses the water moccasin.
The arrow hits the orc but does no damage.
The orc is severely wounded.
You have got your breath back.
You feel very sick. The water moccasin barely misses you.
1652 ||| INVOKING Spit Poison.
Aiming: Spit Poison (1% risk of failure)
Press: ? - help, Shift-Dir - straight line, f - orc, p - water moccasin The splash of poison hits the orc.
The orc is poisoned.
The orc is moderately wounded.
You feel very sick.
The water moccasin bites you but does no damage.
The orc hits you with a +0 flail. The water moccasin closely misses you.
You shoot an arrow.
The arrow barely misses the water moccasin.
The arrow hits the orc but does no damage.
The orc is severely wounded.
You feel very sick. The water moccasin closely misses you.
The orc closely misses you.
You shoot an arrow. The arrow closely misses the orc.
You feel very sick.
The water moccasin bites you but does no damage.
The orc closely misses you. The water moccasin bites you.
1655 ||| READING 2 scrolls of teleportation.
As you read the scroll of teleportation, it crumbles to dust.
You feel strangely unstable.
You feel sick. The water moccasin bites you!
You die...

.7.7.7 #.... #..). #.).
#...# ####... 7.7.# #
###....o# ##### #.#...#
....#.#S###.#_# #7.7.7. #.
#...#@#...'.###..... ....
##...o.....'._##7.7.7#
..#.##.....####.'.###..)..#
.)....<..##.....#_##......#
........?....#######......#
..>.......#### #####......#
.........## #....<..####
.........# #.......#
.........# #.......#


You could see a water moccasin and 2 orcs.

Vanquished Creatures
  An orc wizard (D:3)
  6 adders
  A worm (D:2)
  2 dart slugs (D:1)
  2 orcs (D:3)
  6 endoplasms
  A giant cockroach (D:2)
  2 hobgoblins (D:1)
  3 jackals (D:1)
  2 quokkas
  2 ball pythons (D:1)
  8 bats
  6 frilled lizards
  6 goblins
  10 kobolds
  A rat (D:2)
59 creatures vanquished.

Notes
Turn   | Place    | Note
-------+----------+-------------------------------------------
     0 | D:1      | qw the Naga Hunter began the quest for the Orb.
     0 | D:1      | Reached XP level 1. HP: 19/19 MP: 1/1
     0 | D:1      | 0 ||| qw: Version: 0.2-a-29-g1fa15c8
     0 | D:1      | 0 ||| qw: Game counter: 5147
     0 | D:1      | 0 ||| qw: Always use a shield: true
     0 | D:1      | 0 ||| qw: God list: Okawaru
     0 | D:1      | 0 ||| qw: Allow faded altars: false
     0 | D:1      | 0 ||| qw: Do Orc after D:15 true
     0 | D:1      | 0 ||| qw: Do second Lair branch before Depths: true
     0 | D:1      | 0 ||| qw: Lair rune preference: random
     0 | D:1      | 0 ||| qw: Plans: Normal
     0 | D:1      | 0 ||| PLANNING D:1-11
    30 | D:1      | 30 ||| INVOKING Spit Poison.
    48 | D:1      | 48 ||| INVOKING Spit Poison.
    53 | D:1      | 53 ||| INVOKING Spit Poison.
    57 | D:1      | HP: 4/19 [kobold/+4 dagger (3)]
    58 | D:1      | 58 ||| INVOKING Spit Poison.
    87 | D:1      | 87 ||| INVOKING Spit Poison.
    88 | D:1      | Reached skill level 4 in Ranged Weapons
    88 | D:1      | Reached XP level 2. HP: 13/26 MP: 2/2
   144 | D:1      | 144 ||| INVOKING Spit Poison.
   147 | D:1      | 147 ||| INVOKING Spit Poison.
   165 | D:1      | 165 ||| INVOKING Spit Poison.
   170 | D:1      | 170 ||| INVOKING Spit Poison.
   180 | D:1      | 180 ||| INVOKING Spit Poison.
   186 | D:1      | 186 ||| INVOKING Spit Poison.
   192 | D:1      | 192 ||| INVOKING Spit Poison.
   193 | D:1      | 193 ||| INVOKING Spit Poison.
   196 | D:1      | 196 ||| INVOKING Spit Poison.
   203 | D:1      | 203 ||| INVOKING Spit Poison.
   226 | D:1      | 226 ||| INVOKING Spit Poison.
   277 | D:1      | 277 ||| INVOKING Spit Poison.
   329 | D:1      | 329 ||| INVOKING Spit Poison.
   407 | D:1      | 407 ||| Stepping ~*~*~tactically~*~*~ (outnumbered).
   408 | D:1      | 408 ||| INVOKING Spit Poison.
   409 | D:1      | Reached XP level 3. HP: 32/32 MP: 3/3
   413 | D:1      | 413 ||| INVOKING Spit Poison.
   437 | D:1      | Found a faded altar of an unknown god.
   465 | D:1      | 465 ||| INVOKING Spit Poison.
   468 | D:1      | 468 ||| INVOKING Spit Poison.
   487 | D:1      | 487 ||| INVOKING Spit Poison.
   492 | D:1      | 492 ||| INVOKING Spit Poison.
   531 | D:1      | 531 ||| INVOKING Spit Poison.
   536 | D:1      | 536 ||| INVOKING Spit Poison.
   539 | D:1      | 539 ||| INVOKING Spit Poison.
   542 | D:1      | 542 ||| INVOKING Spit Poison.
   603 | D:1      | 603 ||| INVOKING Spit Poison.
   649 | D:1      | Found Bunif's Jewellery Shop.
   652 | D:1      | 652 ||| INVOKING Spit Poison.
   662 | D:1      | 662 ||| SHOPLISTING +4 ring of protection (396 gold, have
                  | 51).
   662 | D:1      | 662 ||| SHOPLISTING +6 ring of strength (396 gold, have
                  | 51).
   662 | D:1      | 662 ||| SHOPLISTING amulet of reflection (330 gold, have
                  | 51).
   662 | D:1      | 662 ||| SHOPLISTING amulet of the acrobat (330 gold, have
                  | 51).
   662 | D:1      | 662 ||| SHOPLISTING ring of ice (275 gold, have 51).
   782 | D:1      | 782 ||| READING scroll labelled SASUOSITTU.
   783 | D:1      | 783 ||| READING scroll labelled PEHUFF IRODARE.
   784 | D:1      | 784 ||| READING scroll labelled HEM UTUCUR.
   789 | D:1      | 789 ||| READING scroll labelled NAGGUO QEGG.
   790 | D:1      | 790 ||| DROPPING scroll of butterflies.
   831 | D:2      | 831 ||| INVOKING Spit Poison.
   835 | D:2      | 835 ||| INVOKING Spit Poison.
   838 | D:2      | Reached skill level 5 in Ranged Weapons
   838 | D:2      | Reached XP level 4. HP: 37/39 MP: 4/4
   840 | D:2      | 840 ||| INVOKING Spit Poison.
   846 | D:2      | 846 ||| INVOKING Spit Poison.
   850 | D:2      | 850 ||| INVOKING Spit Poison.
   924 | D:2      | 924 ||| INVOKING Spit Poison.
   929 | D:2      | 929 ||| INVOKING Spit Poison.
   936 | D:2      | 936 ||| INVOKING Spit Poison.
   942 | D:2      | 942 ||| INVOKING Spit Poison.
   948 | D:2      | 948 ||| INVOKING Spit Poison.
  1004 | D:2      | 1004 ||| INVOKING Spit Poison.
  1019 | D:2      | 1019 ||| INVOKING Spit Poison.
  1040 | D:2      | Found a blossoming altar of Fedhas.
  1132 | D:2      | 1132 ||| INVOKING Spit Poison.
  1136 | D:2      | 1136 ||| INVOKING Spit Poison.
  1137 | D:2      | 1137 ||| INVOKING Spit Poison.
  1139 | D:2      | Reached skill level 3 in Fighting
  1372 | D:2      | 1372 ||| INVOKING Spit Poison.
  1380 | D:2      | 1380 ||| INVOKING Spit Poison.
  1512 | D:2      | 1512 ||| UPGRADING to ring of positive energy.
  1513 | D:2      | 1513 ||| READING scroll labelled ZUPNAS YWUCLISCH.
  1514 | D:2      | 1514 ||| READING scroll labelled QOENEO ET NIE.
  1515 | D:2      | 1515 ||| READING scroll labelled YRPHOA YDGHAVVOGU.
  1516 | D:2      | 1516 ||| DRINKING 2 clear potions.
  1574 | D:3      | Found a basalt altar of Yredelemnul.
  1595 | D:3      | Found a glowing silver altar of Zin.
  1595 | D:3      | Found a white marble altar of Elyvilon.
  1595 | D:3      | Found a glowing golden altar of the Shining One.
  1600 | D:3      | 1600 ||| INVOKING Spit Poison.
  1604 | D:3      | Reached XP level 5. HP: 45/49 MP: 5/5
  1635 | D:3      | 1635 ||| INVOKING Spit Poison.
  1639 | D:3      | 1639 ||| INVOKING Spit Poison.
  1641 | D:3      | Noticed a water moccasin
  1645 | D:3      | 1645 ||| INVOKING Spit Poison.
  1652 | D:3      | 1652 ||| INVOKING Spit Poison.
  1654 | D:3      | HP: 11/49 [poisoned by a water moccasin]
  1654 | D:3      | HP: 5/49 [water moccasin (6)]
  1655 | D:3      | 1655 ||| READING 2 scrolls of teleportation.
  1655 | D:3      | Slain by a water moccasin

Levels and vault maps discovered:
D:1:      heliophobic_arrival_dark_side_of_the_moon, layout_basic, serial_shops,
          shop, ebering_ecumenical_altar_rust, minmay_box_of_dots
D:2:      cheibrodos_helix_gallery, layout_loops_ring, basic_altar
D:3:      layout_rooms, good_gods_mini_temple, mainiacjoe_overflow_tiny_flanked,
          mainiacjoe_overflow_concentric_impassable, serial_forest,
          infiniplex_forest_straight_3, infiniplex_forest_corner_1,
          infiniplex_forest_lined_room_2, infiniplex_forest_end_2,
          infiniplex_forest_lined_corner, infiniplex_forest_split,
          infiniplex_forest_end_3, uniq_sigmund, uniq_jessica

Skill      XL: |  1  2  3  4 |
---------------+-------------+-----
Ranged Weapons | 4 5 |  5.4
Fighting       | 3 |  3.0
Dodging        | |  1.5
Stealth        | |  1.5

Action                     |  1- 3 |  4- 6 || total
---------------------------+-------+-------++-------
   Fire: Shortbow          |    80 |    56 ||   136
Ability: Spit Poison       |    31 |    19 ||    50
    Use: Scroll            |     4 |     4 ||     8
         Potion            |       |     1 ||     1
 Armour: Leather armour    |    19 |    11 ||    30
  Dodge: Dodged            |    26 |    17 ||    43

Table legend:
 A = Non-vault XP
 B = Vault XP
 C = Vault XP percentage of total XP
 D = Non-vault monster count
 E = Vault monster count
 F = Vault count percentage of total count
                 A         B        C        D         E       F
            +---------+---------+-------+---------+---------+-------
      Total |     199 |      10 |   4.8 |      55 |       4 |   6.8
            +---------+---------+-------+---------+---------+-------
        D:1 |      57 |       3 |   5.0 |      34 |       2 |   5.6
        D:2 |      84 |       7 |   7.7 |      16 |       2 |  11.1
        D:3 |      58 |       0 |   0.0 |       5 |       0 |   0.0
            +---------+---------+-------+---------+---------+-------
